 Dungeon Crawl Stone Soup version 0.20.1-1-g8b1a95d (webtiles) character file.

77 doot the Magician (level 4, -3/24 HPs)
             Began as a Deep Elf Wizard on Nov 9, 2017.
             Slain by Grinder (8 damage)
             ... on level 3 of the Dungeon.
             The game lasted 00:06:34 (2039 turns).

doot the Magician (Deep Elf Wizard)                 Turns: 2039, Time: 00:06:35

Health: -3/24      AC:  2    Str:  4    XL:     4   Next: 14%
Magic:  2/13       EV: 13    Int: 24    God:
Gold:   98         SH:  0    Dex: 13    Spells: 3/14 levels left

rFire    . . .     SeeInvis .   o - +0 short sword
rCold    . . .     Gourm    .   (no shield)
rNeg     + . .     Faith    .   a - +0 robe
rPois    +         Spirit   .   b - +0 hat
rElec    .         Reflect  .   (no cloak)
rCorr    .         Harm     .   (no gloves)
MR       .....                  (no boots)
Stlth    ++........             (no amulet)
Regen    0.1/turn               m - ring of positive energy
MPRegen  0.2/turn               n - ring of poison resistance

@: very slightly contaminated
A: no striking features
a: no special abilities


You were on level 3 of the Dungeon.
You were not hungry.

You visited 1 branch of the dungeon, and saw 3 of its levels.

You collected 98 gold pieces.

Inventory:

Hand Weapons
 o - a +0 short sword (weapon)
Armour
 a - a +0 robe (worn)
 b - a +0 hat (worn)
 r - a +0 helmet
Jewellery
 m - a ring of positive energy (left hand)
 n - a ring of poison resistance (right hand)
Scrolls
 f - 3 scrolls of identify {unknown}
 i - a scroll of enchant armour {unknown}
 p - a scroll of fear {unknown}
 q - 2 scrolls of remove curse {unknown}
 t - a scroll of random uselessness {unknown}
Potions
 e - a potion of invisibility {unknown}
 g - a potion of ambrosia {unknown}
 h - a potion of degeneration {unknown}
 l - 2 potions of curing {unknown}
 s - a potion of resistance {unknown}
Books
 c - a book of Minor Magic

   Spells                             Type                      Level
   a - Magic Dart                     Conjuration                  1
   b - Blink                          Translocation                2
   c - Call Imp                       Summoning                    2
   d - Slow                           Hexes                        2
   e - Conjure Flame                  Conjuration/Fire             3
   f - Mephitic Cloud                 Conjuration/Poison/Air       3
Comestibles
 d - 5 bread rations
 j - a fruit
 k - a royal jelly
 u - 2 meat rations
 v - a chunk of flesh


   Skills:
 + Level 0.8 Short Blades
 + Level 3.1 Dodging
 + Level 3.0 Stealth
 + Level 5.5 Spellcasting
 + Level 2.0 Conjurations
 + Level 1.3 Summonings
 + Level 1.1 Translocations


You had 3 spell levels left.
You knew the following spells:

 Your Spells              Type           Power        Failure   Level  Hunger
a - Magic Dart            Conj           ###.         3%          1    None
b - Blink                 Tloc           N/A          8%          2    None
c - Call Imp              Summ           ##......     8%          2    None
d - Mephitic Cloud        Conj/Pois/Air  #.......     19%         3    #......
e - Conjure Flame         Conj/Fire      ##......     17%         3    #......


Dungeon Overview and Level Annotations

Branches:
Dungeon (3/15)

Altars:
Elyvilon
Uskayaw

Annotations:
D:3 Grinder


Message History

Your head hurts.
Grinder gestures at you.
You suddenly lose the ability to move!
Your iron imp hits Grinder but does no damage.
Grinder blinks!
Grinder hits your iron imp but does no damage.
You can move again.
Grinder blinks!
You hit Grinder but do no damage.
Grinder is almost dead.
Grinder gestures at you. Pain shoots through your body!
* * * LOW HITPOINT WARNING * * *
You hit Grinder.
Grinder is almost dead.
Grinder hits you but does no damage.
Your iron imp hits Grinder.
You barely miss Grinder.
Grinder is almost dead.
Grinder hits you!
You die...

....... #....._..... .......
#.#.......#. .......#############
#.#.÷.....#.
......##...........###.##.....##.
.....#############.....####.####.
....## #####...)....... ...##
#######....#####..
################55........# #.#
....5).)......†.@######..)#####.#
################## #..........
#.......... #..........
#.......... ###########


You could see Grinder and a friendly iron imp.

Vanquished Creatures
  An ooze (D:1)
  A dart slug (D:1)
  3 leopard geckos
  11 goblins
  6 hobgoblins
  6 kobolds
  4 bats
  2 frilled lizards (D:2)
  8 rats
42 creatures vanquished.

Vanquished Creatures (collateral kills)
  3 adders
  A dart slug (D:2)
  A leopard gecko (D:2)
  A goblin (D:3)
  2 hobgoblins (D:3)
  A rat (D:2)
9 creatures vanquished.

Grand Total: 51 creatures vanquished

Notes
Turn   | Place    | Note
-------+----------+-------------------------------------------
     0 | D:1      | doot the Deep Elf Wizard began the quest for the Orb.
     0 | D:1      | Reached XP level 1. HP: 10/10 MP: 7/7
   157 | D:1      | Reached XP level 2. HP: 15/15 MP: 1/9
   161 | D:1      | Learned a level 2 spell: Blink
   164 | D:1      | Learned a level 2 spell: Call Imp
   655 | D:1      | Reached skill level 5 in Spellcasting
   875 | D:2      | Reached XP level 3. HP: 19/19 MP: 11/11
   880 | D:2      | Learned a level 3 spell: Mephitic Cloud
   884 | D:2      | Learned a level 3 spell: Conjure Flame
  1086 | D:2      | Found a hide-covered altar of Uskayaw.
  1818 | D:3      | Found a white marble altar of Elyvilon.
  1833 | D:3      | Reached XP level 4. HP: 23/24 MP: 5/13
  1927 | D:3      | Noticed Grinder
  2033 | D:3      | Paralysed by Grinder for 3 turns
  2039 | D:3      | Slain by Grinder

Skill      XL: |  1  2  3  4 |
---------------+-------------+-----
Dodging        | 3 |  3.1
Spellcasting   | 5 |  5.5
Conjurations   | 2 |  2.0
Stealth        | 3 |  3.0
Short Blades   | |  0.8
Summonings     | |  1.3
Translocations | |  1.1

Action                   |  1- 3 |  4- 6 || total
-------------------------+-------+-------++-------
Melee: Unarmed           |     1 |       ||     1
       Short sword       |    45 |    11 ||    56
 Cast: Magic Dart        |    60 |     6 ||    66
       Call Imp          |     8 |     9 ||    17
       Blink             |       |     1 ||     1
 Stab: Sleeping          |    11 |       ||    11
  Eat: Chunk             |     3 |       ||     3
Armor: Robe              |    13 |     2 ||    15
Dodge: Dodged            |    30 |     4 ||    34
